 Dungeon Sprint DCSS version 0.32-a0-898-g7811c86cf0 (webtiles) character file.

Game seed: 12943657346622165607

1600000 Griffin23 the Sorcerer (level 15, -31/105 HPs)
             Began as a Formicid Wanderer on Apr 4, 2024.
             Annihilated by a meat berserker
             ... wielding a +9 battleaxe
              (73 damage)
             ... in the Dungeon (Sprint VIII: "Arena of Blood").
             The game lasted 00:01:04 (16 turns).

Griffin23 the Sorcerer (Formicid Wanderer)            Turns: 16, Time: 00:01:05

Health: -31/105    AC:  4    Str: 22    XL:     15   Next: 42%
Magic:  5/40       EV: 18    Int: 14    God:
Gold:   0          SH:  0    Dex: 13    Spells: 56/56 levels left

rFire   . . .        h - +∞ Axe of Woe
rCold   . . .        (no shield)
rNeg    . . .        c - +0 leather armour
rPois   .            (helmet unavailable)
rElec   .            (no cloak)
rCorr   .            d - +0 pair of gloves
SInv    +            (no boots)
Will    +....        (no amulet)
Stlth   +++++++      (no ring)
HPRegen 0.37/turn    (no ring)
MPRegen 0.27/turn

%: no passive effects
@: no status effects
A: permanent stasis, dig shafts and tunnels, antennae 3, four strong arms
a: Dig


You were in the Dungeon.
You visited 1 branch

Inventory:

Hand Weapons
 a - a +0 club
 h - the +∞ Axe of Woe (weapon)
   (You found it in the Dungeon)
Armour
 c - a +0 leather armour (worn)
 d - a +0 pair of gloves (worn)
Potions
 b - a potion of lignification
 e - a potion of curing
 g - 2 potions of magic


   Skills:
 + Level 6.0 Fighting
 + Level 12.4 Axes
 + Level 17.3 Dodging
 + Level 18.8 Stealth
 + Level 21.4 Spellcasting
 + Level 18.6 Ice Magic
 + Level 20.4 Earth Magic


You had 56 spell levels left.
You didn't know any spells.
Your spell library contained the following spells:

 Spells                   Type           Power      Damage    Failure   Level
 Freeze                   Ice            100%       1d10      0%          1
 Sandblast                Erth           100%       2d20      0%          1
 Frozen Ramparts          Ice            100%       1d16      0%          3
 Stone Arrow              Conj/Erth      86%        3d12      1%          3
 Animate Armour           Summ/Erth      86%        N/A       1%          4


Dungeon Overview and Level Annotations

Branches:
Dungeon (1/1)

Altars:
Makhleb


Innate Abilities, Weirdness & Mutations

You cannot be hasted, slowed, berserked, paralysed or teleported.
You can dig through walls and to a lower floor.
You have a pair of large antennae on your head. (SInv)
Your four strong arms can wield two-handed weapons with a shield.


Message History

Your Earth Magic skill increases to level 19!
Unknown command.
Unknown command.
The bag of meat shouts! x2
You slice the meat berserker!!
You pulverise the meat berserker into a thin bloody mist.
You kill the meat berserker!
A meat berserker comes into view. It is wielding a +9 battleaxe.
A bag of meat comes into view. It is wielding a +9 war axe. x2
Your Fighting skill gained 2 levels and is now at level 6!
Your Axes skill gained 2 levels and is now at level 12!
Your Dodging skill increases to level 17!
Your Stealth skill increases to level 18!
Your Spellcasting skill increases to level 21!
Your Ice Magic skill increases to level 18!
Your Earth Magic skill increases to level 20!
You have reached level 15!
Your experience leads to an increase in your attributes!
Increase (S)trength, (I)ntelligence, or (D)exterity?
You feel stronger. x2
A meat berserker, 2 bags of meat and a large bag of meat come into view.
A bag of meat comes into view. It is wielding a +9 war axe. x2
Things that are here:
a +9 war axe; a +30 ring of slaying You feel much better.
The bag of meat shouts! x2; You hear a shout!
A bag of meat comes into view. It is wielding a +9 war axe. x3
A meat berserker comes into view. It is wielding a +9 battleaxe. x2
The large bag of meat shouts in stereo!
The bag of meat shouts! x5
You slash the bag of meat!
You butcher the bag of meat messily.
You kill the bag of meat!
You hit the bag of meat.
You pulverise the bag of meat into a thin bloody mist.
You kill the bag of meat!
A bag of meat comes into view. It is wielding a +9 war axe. x2
The bag of meat hits you with a +9 war axe!
The meat berserker hits you with a +9 battleaxe!!!!
Ouch! That really hurt!
You die...

.... .... ......
..{...... ....o..
...o..... #......
#.......# ...#...,
#.......#
#......###.......###.
......oO.)..###......
.O..#.O)....._......
#..O.@).......#
......oo))#_.<._#
..#.....oo#.....#
o...#o......{_o....
.....o....o.###......
...o.o.###..O. ..###.
. ..... {#O......#{{
......{{#...o. .# ..
..


You could see 2 large bags of meat, 4 meat berserkers and 14 bags of meat.

Vanquished Creatures
  2 ogres (D)
  7 orcs (D)
9 creatures vanquished.

Notes
Turn   | Place    | Note
-------+----------+-------------------------------------------
     0 | D        | Found the +∞ Axe of Woe
     0 | D        | Griffin23 the Formicid Wanderer began the quest for the
                  | Orb.
     0 | D        | Griffin23 set off with the following items: a +0 club, a
                  | potion of lignification, a +0 leather armour, a +0 pair of
                  | gloves, a potion of curing, a potion of heal wounds, 2
                  | potions of magic; and the following spells available to
                  | memorise: Sandblast, Freeze, Frozen Ramparts, Stone Arrow,
                  | Animate Armour.
     0 | D        | Reached XP level 1. HP: 13/13 MP: 3/3
     3 | D        | Noticed a bag of meat
     4 | D        | Noticed a bag of meat
     5 | D        | Noticed a bag of meat
     5 | D        | Noticed a bag of meat
     6 | D        | Noticed a meat berserker
     6 | D        | Noticed a bag of meat
     8 | D        | Killed a bag of meat
     9 | D        | Reached skill level 14 in Spellcasting
     9 | D        | Reached XP level 2. HP: 17/19 MP: 3/17
     9 | D        | Reached XP level 3. HP: 22/24 MP: 3/18
     9 | D        | Reached XP level 4. HP: 27/30 MP: 3/20
     9 | D        | Reached XP level 5. HP: 32/35 MP: 3/21
     9 | D        | Reached XP level 6. HP: 38/41 MP: 3/23
     9 | D        | Reached XP level 7. HP: 42/46 MP: 3/24
     9 | D        | Reached XP level 8. HP: 48/52 MP: 3/26
     9 | D        | Reached XP level 9. HP: 52/57 MP: 3/27
     9 | D        | Reached XP level 10. HP: 58/63 MP: 3/28
     9 | D        | Reached XP level 11. HP: 63/68 MP: 3/29
    10 | D        | Killed a meat berserker
    10 | D        | Killed a bag of meat
    10 | D        | Noticed a meat berserker
    10 | D        | Noticed a bag of meat
    11 | D        | Reached skill level 15 in Stealth
    11 | D        | Reached skill level 18 in Spellcasting
    11 | D        | Reached skill level 15 in Ice Magic
    11 | D        | Reached XP level 12. HP: 23/81 MP: 3/34
    11 | D        | Reached XP level 13. HP: 25/87 MP: 3/35
    11 | D        | Killed a bag of meat
    11 | D        | Killed a bag of meat
    11 | D        | Noticed a bag of meat
    11 | D        | Noticed a bag of meat
    11 | D        | Noticed a bag of meat
    11 | D        | Noticed a large bag of meat
    11 | D        | Noticed a bag of meat
    12 | D        | Reached skill level 10 in Axes
    12 | D        | Reached skill level 15 in Dodging
    12 | D        | Reached skill level 19 in Spellcasting
    12 | D        | Reached XP level 14. HP: 28/96 MP: 3/37
    12 | D        | Killed a bag of meat
    12 | D        | Noticed a bag of meat
    12 | D        | Noticed a bag of meat
    12 | D        | Noticed a bag of meat
    13 | D        | Reached skill level 20 in Spellcasting
    13 | D        | Killed a meat berserker
    13 | D        | Noticed a meat berserker
    13 | D        | Noticed a bag of meat
    13 | D        | Noticed a bag of meat
    14 | D        | Reached skill level 21 in Spellcasting
    14 | D        | Reached XP level 15. HP: 32/105 MP: 4/40
    14 | D        | Noticed a meat berserker
    14 | D        | Noticed a large bag of meat
    15 | D        | Noticed a meat berserker
    15 | D        | Noticed a meat berserker
    16 | D        | Annihilated by a meat berserker

Illustrated notes

Levels and vault maps discovered:
D:        meatsprint

Skill      XL: |  1  2  3  4  5  6  7  8  9 10 11 12 13 14 |
---------------+-------------------------------------------+-----
Axes           | 3 8 10 12 | 12.4
Dodging        | 11 14 15 17 | 17.3
Stealth        | 12 15 17 18 | 18.8
Spellcasting   | 14 18 19 21 | 21.4
Ice Magic      | 12 15 17 18 | 18.6
Earth Magic    | 13 17 18 20 | 20.4
Fighting       | 3 4 6 |  6.0

Action                     |  1- 3 |  4- 6 |  7- 9 | 10-12 | 13-15 || total
---------------------------+-------+-------+-------+-------+-------++-------
  Melee: Executioner's axe |     1 |       |       |     1 |     4 ||     6
Ability: Dig               |     1 |       |       |       |       ||     1
    Use: Potion            |       |       |       |       |     1 ||     1
 Armour: Leather armour    |       |       |       |     2 |     2 ||     4

Table legend: (Time is in decaauts)
 A = Elapsed time spent in this place.
 B = Non-inter-level travel time spent in this place.
 C = Inter-level travel time spent in this place.
 D = Time resting spent in this place.
 E = Time spent auto-exploring this place.
 F = Levels seen in this place.
 G = Mean time per level.
                   A        B        C        D        E       F      G
               +--------+--------+--------+--------+--------+-----+--------+
         Total |     18 |     18 |      0 |      0 |      0 |   1 |   18.0 |
       Dungeon |     18 |     18 |      0 |      0 |      0 |   1 |   18.0 |
               +--------+--------+--------+--------+--------+-----+--------+

Top non-repeatable levels by time:
       D: 18 daAuts
